 Dungeon Crawl Stone Soup version 0.28-a0-556-gab23d0e057 (webtiles) character file.

Game seed: 3921330899818981410

954 robertstho the Magician (level 8, -2/55 HPs)
             Began as a Djinni Fire Elementalist on Sept 28, 2021.
             Slain by an orc warrior (13 damage)
             ... on level 6 of the Dungeon.
             The game lasted 00:05:53 (6432 turns).

robertstho the Magician (Djinni Fire Elementalist)  Turns: 6432, Time: 00:05:53

Health: -2/55      AC:  5    Str: 13    XL:     8   Next: 36%
Gold:   229        EV: 12    Int: 19    God:
                   SH:  0    Dex: 14

rFire   + + .      SeeInvis .   k - +0 dagger (venom)
rCold   x . .      Faith    .   (no shield)
rNeg    . . .      Spirit   .   a - +0 robe
rPois   ∞          Reflect  .   g - +1 helmet
rElec   .          Harm     .   (no cloak)
rCorr   .          Rampage  .   i - +0 pair of gloves
Will    .....                   (boots unavailable)
Stlth   ++........              (no amulet)
HPRegen 0.18/turn               q - +6 ring of strength
MPRegen 0.00/turn               (no ring)

@: flying
A: sickness immunity, fire resistance 2, cold vulnerability 1, float, innate
caster, hp casting, extra vitality 1
a: no special abilities


You were on level 6 of the Dungeon.
You visited 1 branch of the dungeon, and saw 6 of its levels.

You collected 229 gold pieces.

Inventory:

Hand Weapons
 j - a +0 falchion of holy wrath
 k - a +0 dagger of venom (weapon)
Armour
 a - a +0 robe (worn)
 g - a +1 helmet (worn)
 i - a +0 pair of gloves (worn)
Jewellery
 q - a +6 ring of strength (left hand)
Wands
 l - a wand of mindburst (11)
Scrolls
 b - a scroll of enchant weapon
 e - 2 scrolls of magic mapping
 o - a scroll of noise {unknown}
 p - a scroll of immolation
Potions
 c - a potion of flight {unknown}
 d - 2 potions of brilliance {unknown}
 f - 2 potions of curing
 h - a potion of invisibility {unknown}
 m - a potion of lignification {unknown}
 n - a potion of heal wounds {unknown}


   Skills:
 * Level 2.4 Fighting
 + Level 0.3 Short Blades
 * Level 2.5 Armour
 + Level 2.6 Dodging
 + Level 2.5 Stealth
 * Level 6.3 Spellcasting


You had one spell level left.
You knew the following spells:

 Your Spells              Type           Power      Damage    Failure   Level
a - Foxfire               Conj/Fire      100%       2x1d9     1%          1
b - Scorch                Fire           60%        2d8       1%          2
c - Conjure Flame         Conj/Fire      30%        6-21      2%          3
d - Inner Flame           Hex/Fire       30%        N/A       2%          3
e - Flame Wave            Conj/Fire      30%        3d7       8%          4
f - Animate Skeleton      Necr           60%        N/A       1%          1
g - Static Discharge      Conj/Air       30%        N/A       1%          2
h - Slow                  Hex            30%        N/A       1%          2
Your spell library was empty.

Dungeon Overview and Level Annotations

Branches:
Dungeon (6/15)
 Temple: D:4-7

Altars:
Dithmenos
Fedhas
Kikubaaqudgha
Yredelemnul

Shops:
D:2 :

Annotations:
D:2 1 runed translucent door, Crazy Yiuf


Innate Abilities, Weirdness & Mutations

You are immune to sickness and miasma.
You are immune to poison.
Your flesh is very heat resistant. (rF++)
You are vulnerable to cold. (rC-)
You float through the air rather than walking.
You learn spells naturally, not from books.
Your magical power is your life essence.
You have superior vitality. (+4 HP)


Message History

Flames lash the orc.
The orc is burned terribly!
You kill the orc!
Unknown command.
Casting: Scorch (safe; 1% risk of failure)
Confirm with . or Enter, or press ? or * to list all spells.
Flames lash the orc warrior.
The orc warrior is lightly wounded.
The orc warrior's fire resistance burns away.
Unknown command.
Casting: Scorch (safe; 1% risk of failure)
Confirm with . or Enter, or press ? or * to list all spells.
Flames lash the orc warrior.
The orc warrior is burned terribly!
The orc warrior is moderately wounded.
Unknown command.
Casting: Scorch (safe; 1% risk of failure)
Confirm with . or Enter, or press ? or * to list all spells.
Flames lash the orc warrior but do no damage.
The orc warrior hits you with a +0 long sword!
Unknown command.
Casting: Scorch (safe; 1% risk of failure)
Confirm with . or Enter, or press ? or * to list all spells.
Flames lash the orc warrior.
The orc warrior is burned terribly!
The orc warrior is heavily wounded.
The orc warrior misses you.
Unknown command.
Casting: Scorch (safe; 1% risk of failure)
Confirm with . or Enter, or press ? or * to list all spells.
Flames lash the orc warrior.
The orc warrior is burned terribly!
The orc warrior is severely wounded.
The orc warrior is no longer more vulnerable to fire.
The orc warrior hits you with a +0 long sword!
* * * LOW HITPOINT WARNING * * *
Casting: Scorch (safe; 1% risk of failure)
Confirm with . or Enter, or press ? or * to list all spells.
Flames lash the orc warrior.
The orc warrior is almost dead.
The orc warrior's fire resistance burns away.
* * * LOW HITPOINT WARNING * * *
The orc warrior hits you with a +0 long sword!
You die...

..... .... .....
... ..... ...
.... #)# ##..
#)#
....#####o######
#......@..>..#
##.>...........#
#..<............
#...............
#...............
#?..............
#...............
##.............#
##.....#.....


You could see an orc warrior (combustible).

Vanquished Creatures
  Grinder (D:5)
  Eustachio (D:4)
  A black bear (D:6)
  An ogre (D:5)
  A phantom (D:5)
  2 hounds
  A jelly (D:3)
  Natasha (thrice) (D:4)
  2 iguanas
  A howler monkey skeleton (D:4)
  5 adders
  A river rat (D:5)
  A white imp (D:3)
  2 ufetubi (D:5)
  An adder skeleton (D:3)
  A worm (D:2)
  4 orcs
  9 endoplasms
  3 giant cockroaches
  6 goblins
  9 hobgoblins
  5 jackals (D:1)
  6 kobolds
  2 quokkas (D:5)
  7 ball pythons
  3 bats
  4 frilled lizards (D:1)
  6 rats
89 creatures vanquished.

Vanquished Creatures (others)
  317 foxfires
317 creatures vanquished.

Grand Total: 406 creatures vanquished

Notes
Turn   | Place    | Note
-------+----------+-------------------------------------------
     0 | D:1      | robertstho the Djinni Fire Elementalist began the quest for
                  | the Orb.
     0 | D:1      | Reached XP level 1. HP: 15/15 MP: 0/0
   277 | D:1      | Reached XP level 2. HP: 11/22 MP: 0/0
  1061 | D:1      | Reached skill level 3 in Spellcasting
  1061 | D:1      | Reached XP level 3. HP: 24/26 MP: 0/0
  1061 | D:1      | Learned a level 1 spell: Animate Skeleton
  2040 | D:2      | Reached XP level 4. HP: 29/31 MP: 0/0
  2520 | D:2      | Found Buis's Book Boutique.
  2792 | D:2      | Found a runed translucent door.
  2793 | D:2      | Noticed Crazy Yiuf
  3036 | D:3      | Found a basalt altar of Yredelemnul.
  3037 | D:3      | Found a blossoming altar of Fedhas.
  3038 | D:3      | Found a shadowy altar of Dithmenos.
  3758 | D:3      | Reached skill level 1 in Fighting
  3758 | D:3      | Reached XP level 5. HP: 34/37 MP: 0/0
  3758 | D:3      | Learned a level 2 spell: Static Discharge
  3923 | D:3      | Reached skill level 1 in Armour
  4213 | D:4      | Reached skill level 4 in Spellcasting
  4338 | D:4      | Noticed Natasha
  4344 | D:4      | Killed Natasha
  4462 | D:4      | Noticed Eustachio
  4472 | D:4      | Killed Eustachio
  4473 | D:4      | Reached XP level 6. HP: 25/42 MP: 0/0
  4692 | D:4      | Noticed Natasha
  4696 | D:4      | Killed Natasha
  4833 | D:4      | Noticed Natasha
  4845 | D:4      | Killed Natasha
  4846 | D:4      | Reached XP level 7. HP: 28/47 MP: 0/0
  4846 | D:4      | Learned a level 2 spell: Slow
  4919 | D:4      | Reached skill level 5 in Spellcasting
  5096 | D:5      | Entered Level 5 of the Dungeon
  5407 | D:5      | Identified the +1 scale mail of Jumutud {Str+2}
  5457 | D:5      | Noticed Grinder
  5470 | D:5      | Killed Grinder
  5471 | D:5      | Reached skill level 6 in Spellcasting
  5471 | D:5      | Reached XP level 8. HP: 18/54 MP: 0/0
  6432 | D:6      | Slain by an orc warrior

Illustrated notes

Levels and vault maps discovered:
D:1:      dpeg_arrival_rooms_a, layout_basic, serial_curves, eino_curves_01,
          eino_curves_04, st_stairs_4
D:2:      layout_basic, serial_shops, shop, solitary_fountain,
          grunt_ministairs_6, uniq_crazy_yiuf_cottage
D:3:      layout_basic, chequers_temple_overflow_statue_of_worship,
          minmay_misc_feat_rows, saegor_snake_ambush
D:4:      layout_basic, uniq_natasha, uniq_eustachio
D:5:      layout_basic, gup_sewer_entry_bubbles, uniq_grinder
D:6:      layout_rooms, amethyst_killhole, nicolae_underground_beach

Skill      XL: |  1  2  3  4  5  6  7 |
---------------+----------------------+-----
Spellcasting   | 3 4 6 |  6.3
Fighting       | 1 2 |  2.4
Armour         | 1 2 |  2.5
Stealth        | 2 |  2.5
Short Blades   | |  0.3
Dodging        | |  2.6

Action                   |  1- 3 |  4- 6 |  7- 9 || total
-------------------------+-------+-------+-------++-------
Melee: Dagger            |       |       |    57 ||    57
 Cast: Foxfire           |    86 |    85 |    17 ||   188
       Scorch            |     3 |    21 |    21 ||    45
       Flame Wave        |       |     1 |       ||     1
  Use: Potion            |       |       |     2 ||     2
       Scroll            |       |       |     4 ||     4
 Stab: Sleeping          |       |       |     2 ||     2
Armor: Robe              |       |     5 |    24 ||    29
Dodge: Dodged            |     5 |    14 |    48 ||    67

Table legend: (Time is in decaauts)
 A = Elapsed time spent in this place.
 B = Non-inter-level travel time spent in this place.
 C = Inter-level travel time spent in this place.
 D = Time resting spent in this place.
 E = Time spent auto-exploring this place.
 F = Levels seen in this place.
 G = Mean time per level.
                   A        B        C        D        E       F      G
               +--------+--------+--------+--------+--------+-----+--------+
         Total |   6429 |   6294 |    135 |      0 |   5514 |   6 | 1071.5 |
       Dungeon |   6429 |   6294 |    135 |      0 |   5514 |   6 | 1071.5 |
               +--------+--------+--------+--------+--------+-----+--------+

Top non-repeatable levels by time:
     D:1: 1523 daAuts
     D:2: 1472 daAuts
     D:5: 1313 daAuts
     D:3: 1094 daAuts
     D:4: 1003 daAuts
     D:6: 21 daAuts
